 Dungeon Crawl Stone Soup version 0.27.1-33-g824d729ab1 (webtiles) character file.

Game seed: 15396135221739658047

51 Sharkman1231 the Vexing (level 3, -3/26 HPs)
             Began as a Demonspawn Wanderer on Dec 26, 2021.
             Slain by an orc (4 damage)
             ... on level 3 of the Dungeon.
             The game lasted 00:05:19 (2932 turns).

Sharkman1231 the Vexing (Demonspawn Wanderer)       Turns: 2932, Time: 00:05:20

Health: -3/26      AC:  2    Str: 11    XL:     3   Next: 58%
Magic:  6/6        EV: 11    Int: 14    God:
Gold:   29         SH:  0    Dex: 13    Spells: 0/6 levels left

rFire    + . .     SeeInvis .   b - staff of fire
rCold    . . .     Faith    .   (no shield)
rNeg     . . .     Spirit   .   d - +0 robe
rPois    .         Reflect  .   (no helmet)
rElec    .         Harm     .   (no cloak)
rCorr    .         Rampage  .   (no gloves)
Will     .....                  (no boots)
Stlth    +.........             (no amulet)
HPRegen  0.08/turn              (no ring)
MPRegen  0.10/turn              (no ring)

@: hasted, very quick
A: hooves 1, ignite blood 1
a: no special abilities


You were on level 3 of the Dungeon.
You visited 1 branch of the dungeon, and saw 3 of its levels.

You collected 29 gold pieces.

Inventory:

Hand Weapons
 a - a +1 dagger
Missiles
 h - 2 throwing nets (quivered)
 k - 7 curare-tipped darts
Armour
 d - a +0 robe (worn)
Magical Staves
 b - a staff of fire (weapon)
Scrolls
 e - a scroll of identify
 f - a scroll of vulnerability
 g - a scroll of teleportation
Potions
 i - a potion of attraction


   Skills:
 + Level 1.2 Fighting
 + Level 0.0 Throwing
 + Level 1.1 Dodging
 - Level 1.0 Shields
 - Level 2.0 Spellcasting
 + Level 1.7 Conjurations
 - Level 2.3 Hexes
 - Level 1.1 Necromancy
 + Level 1.0 Fire Magic
 - Level 2.0 Earth Magic
 - Level 1.0 Evocations


You couldn't memorise any spells.
You knew the following spells:

 Your Spells              Type           Power      Damage    Failure   Level
a - Foxfire               Conj/Fire      28%        2x1d5     14%         1
b - Conjure Flame         Conj/Fire      7%         6-21      38%         3
c - Blink                 Tloc           N/A        N/A       34%         2

Your spell library contained the following spells:

 Spells                   Type           Power      Damage    Failure   Level
 Magic Dart               Conj           24%        1d4       12%         1
 Slow                     Hex            7%         N/A       14%         2
 Passwall                 Tmut/Erth      3%         N/A       24%         2
 Call Imp                 Summ           1%         N/A       34%         2
 Vampiric Draining        Necr           2%         2d6       41%         3
 Mephitic Cloud           Conj/Pois/Air  3%         N/A       50%         3
 Swiftness                Air            1%         N/A       56%         3
 Invisibility             Hex            3%         N/A       100%        6
 Starburst                Conj/Fire      3%         6d3       100%        6
 Death's Door             Necr           2%         N/A       100%        9


Dungeon Overview and Level Annotations

Branches:
Dungeon (3/15)

Altars:


Innate Abilities, Weirdness & Mutations

You have large cloven feet.
Your demonic aura sometimes causes spilled blood to erupt in flames.


Message History

You bump into the rock wall.
You feel less invigorated. Something hits you.
The orc hits you from afar with a +0 trident.
The orc hits you but does no damage. Something hits you but does no damage.
You feel less confused.
You hear some strange, mumbled words.
You are confused.
The orc closely misses you.
You hear some strange, mumbled words.
You are more confused.
You bump into the rock wall.
The orc hits you but does no damage.
You bump into the rock wall.
The orc barely misses you. The orc hits you with a +0 short sword.
You hit the orc.
You kill the orc!
The orc barely misses you.
You hear some strange, mumbled words.
You are more confused.
You bump into the rock wall.
You bump into the rock wall.
You hear some strange, mumbled words.
Something tries to affect you, but you resist.
You bump into the rock wall.
You bump into the rock wall.
Something hits you.
You bump into the rock wall.
Something hits you.
You're too confused to move!
The orc hits you from afar with a +0 trident.
Something hits you.
You bump into the rock wall.
The orc hits you from afar with a +0 trident!
* * * LOW HITPOINT WARNING * * *
You hear some strange, mumbled words.
Something tries to affect you, but you resist.
Unknown command.
Really quaff the potion of attraction?
Okay, then.
You feel yourself speed up.
You feel less confused.
The orc hits you from afar with a +0 trident.
You die...

#.###### #.#....#
#.#.##.# #.#.##.#
#####.#.##.#
###...#.#.##.####..<
..........).......l.
##$#.#...<#.####.##
#@#........#
#{###.###### #.o.).#
#######


You could see an orc.

Vanquished Creatures
  A worm (D:2)
  A dart slug (D:2)
  2 orcs (D:3)
  3 ball pythons
  5 bats
  4 endoplasms (D:1)
  3 goblins
  7 hobgoblins
  4 jackals (D:2)
  2 frilled lizards (D:1)
  2 kobolds (D:1)
  6 rats
40 creatures vanquished.

Vanquished Creatures (others)
  40 foxfires
40 creatures vanquished.

Grand Total: 80 creatures vanquished

Notes
Turn   | Place    | Note
-------+----------+-------------------------------------------
     0 | D:1      | Sharkman1231 the Demonspawn Wanderer began the quest for
                  | the Orb.
     0 | D:1      | Sharkman1231 set off with the following items: a +0 dagger,
                  | a +0 robe; and the following spells available to memorise:
                  | Magic Dart, Slow, Foxfire, Blink, Call Imp, Conjure Flame,
                  | Mephitic Cloud
     0 | D:1      | Reached XP level 1. HP: 13/13 MP: 3/3
   337 | D:1      | Got Ketyd's Tome of Evil and the Arsonist
   351 | D:1      | Learned a level 1 spell: Foxfire
   423 | D:1      | Gained mutation: Your demonic aura sometimes causes spilled
                  | blood to erupt in flames. [demonic ancestry]
   423 | D:1      | Reached XP level 2. HP: 18/19 MP: 5/5
   901 | D:1      | Found a faded altar of an unknown god.
  1418 | D:2      | Gained mutation: You have large cloven feet. [demonic
                  | ancestry]
  1418 | D:2      | Reached XP level 3. HP: 23/25 MP: 6/6
  1422 | D:2      | Learned a level 3 spell: Conjure Flame
  1425 | D:2      | Learned a level 2 spell: Blink
  1517 | D:2      | Reached skill level 1 in Fighting
  2085 | D:2      | Reached skill level 1 in Dodging
  2433 | D:2      | Reached skill level 1 in Fire Magic
  2931 | D:3      | HP: 1/26 [orc (8)]
  2932 | D:3      | Slain by an orc

Illustrated notes

Levels and vault maps discovered:
D:1:      lemuel_arrival_room, layout_rooms,
          hellmonk_ecumenical_altar_crossroads, minmay_tree_intersection,
          feat_on_display
D:2:      layout_loops_corners, chequers_garden, grunt_ministairs_4
D:3:      layout_basic, mainiacjoe_overflow_brackets,
          nicolae_sif_muna_little_library, nicolae_uskayaw_en_pointe,
          minmay_crystal_water

Skill      XL: |  1  2  3 |
---------------+----------+-----
Earth Magic    | 2 |  2.0
Fighting       | 1 |  1.2
Dodging        | 1 |  1.1
Fire Magic     | 1 |  1.0
Shields        | |  1.0
Spellcasting   | |  2.0
Conjurations   | |  1.7
Hexes          | |  2.3
Necromancy     | |  1.1
Evocations     | |  1.0

Action                   || total
-------------------------++-------
Melee: Dagger            ||    64
       Staff             ||    57
       Kick              ||     8
 Cast: Foxfire           ||    26
  Use: Scroll            ||     6
       Potion            ||     2
Armor: Robe              ||    28
Dodge: Dodged            ||    90
